 Dungeon Crawl Stone Soup version 0.24.0-37-gcf1ca852f1 (webtiles) character file.

Game seed: 16999608331876712295, levelgen mode: deterministic

45651 McKennaii the Severer (level 14, -1/108 HPs)
             Began as a Demonspawn Fighter on Dec 6, 2019.
             Was a Priest of Makhleb.
             Slain by an orc knight
             ... wielding a +0 glaive
              (16 damage)
             ... on level 10 of the Dungeon.
             The game lasted 00:45:08 (16916 turns).

McKennaii the Severer (Demonspawn Fighter)         Turns: 16916, Time: 00:45:09

Health: -1/108     AC: 25    Str: 23    XL:     14   Next: 1%
Magic:  18/18      EV:  7    Int: 11    God:    Makhleb [***...]
Gold:   1674       SH: 12    Dex: 15    Spells: 13/13 levels left

rFire    + . .     SeeInvis .   K - +2 war axe (flame)
rCold    . . .     Gourm    .   c - +0 shield
rNeg     . . .     Faith    .   y - +0 plate armour
rPois    .         Spirit   .   d - +2 hat
rElec    .         Reflect  .   b - +0 cloak
rCorr    +         Harm     .   a - +0 pair of gloves of Vehumet's Reproof {MR++} (curse)
MR       +++..                  (boots unavailable)
Stlth    ..........             C - amulet of regeneration
HPRegen  0.68/turn              D - ring of protection from fire
MPRegen  0.16/turn              l - ring of resist corrosion

@: mighty, sanguine armour
A: talons 3, foul stench 1, powered by pain 1, rot immunity, sanguine armour 1
a: Minor Destruction, Lesser Servant of Makhleb, Renounce Religion


You were on level 10 of the Dungeon.
You worshipped Makhleb.
Makhleb was most pleased with you.
You were near starving.

You visited 4 branches of the dungeon, and saw 20 of its levels.

You collected 1674 gold pieces.

Inventory:

Hand Weapons
 K - a +2 war axe of flaming (weapon)
Armour
 a - the cursed +0 pair of gloves of Vehumet's Reproof (worn) {MR++}
   (You found it on level 5 of the Lair of Beasts)

   It affects your resistance to hostile enchantments.
   It has a curse placed upon it.
 b - a +0 cloak (worn)
 c - a +0 shield (worn)
 d - a +2 hat (worn)
 y - a +0 plate armour (worn)
Jewellery
 l - a ring of resist corrosion (right hand)
 s - an uncursed ring of see invisible
 C - an amulet of regeneration (around neck)
 D - a ring of protection from fire (left hand)
Wands
 B - a wand of acid (1)
 E - a wand of flame (15)
 F - a wand of disintegration (13)
 G - a wand of iceblast (8)
 H - a wand of scattershot (9)
Scrolls
 e - 4 scrolls of identify
 g - 5 scrolls of magic mapping
 m - 5 scrolls of amnesia
 o - 4 scrolls of brand weapon
 p - 8 scrolls of teleportation
 q - 3 scrolls of enchant armour
 r - a scroll of fear
 w - a scroll of blinking
 x - 11 scrolls of remove curse
 A - a scroll of immolation
 I - 2 scrolls of enchant weapon
 L - a scroll of acquirement
 M - 4 scrolls of fog
Potions
 h - 3 potions of flight
 i - 2 potions of magic
 j - 3 potions of brilliance
 k - a potion of heal wounds
 n - 3 potions of haste
 t - 8 potions of curing
 u - 3 potions of berserk rage
 v - 6 potions of agility
 z - 2 potions of mutation
 J - 3 potions of resistance
Comestibles
 f - 33 rations


   Skills:
 + Level 9.6 Fighting
 * Level 15.3 Axes
 + Level 9.8 Armour
 + Level 3.3 Dodging
 + Level 1.5 Stealth
 + Level 8.2 Shields
 * Level 6.0 Invocations
 + Level 3.6 Evocations


You had 13 spell levels left.
You didn't know any spells.
Your spell library contained the following spells:

 Spells                   Type           Power        Failure   Level  Hunger
 Corona                   Hex            #......      100%        1    ##.....
 Freeze                   Ice            #...         100%        1    ##.....
 Magic Dart               Conj           #...         100%        1    ##.....
 Sandblast                Erth           #.....       100%        1    ##.....
 Sting                    Conj/Pois      #...         100%        1    ##.....
 Blink                    Tloc           N/A          100%        2    ###....
 Call Imp                 Summ           #.......     100%        2    ###....
 Passwall                 Tmut/Erth      #.......     100%        2    ###....
 Poisonous Vapours        Pois/Air       #.....       100%        2    ###....
 Slow                     Hex            #.......     100%        2    ###....
 Throw Frost              Conj/Ice       #.....       100%        2    ###....
 Conjure Flame            Conj/Fire      #.......     100%        3    ####...
 Inner Flame              Hex/Fire       #.......     100%        3    ####...
 Mephitic Cloud           Conj/Pois/Air  #.......     100%        3    ####...
 Ozocubu's Armour         Chrm/Ice       #.......     100%        3    ####...
 Portal Projectile        Hex/Tloc       #.....       100%        3    ####...
 Stone Arrow              Conj/Erth      #.....       100%        3    ####...
 Cause Fear               Hex            #.........   100%        4    #####..
 Leda's Liquefaction      Hex/Erth       #.........   100%        4    #####..
 Olgreb's Toxic Radiance  Pois           #.......     100%        4    #####..
 Petrify                  Tmut/Erth      #.......     100%        4    #####..
 Summon Ice Beast         Ice/Summ       #.......     100%        4    #####..
 Throw Icicle             Conj/Ice       #.......     100%        4    #####..
 Lee's Rapid Deconstruct  Erth           #.........   100%        5    ######.
 Venom Bolt               Conj/Pois      #.........   100%        5    ######.


Dungeon Overview and Level Annotations

Branches:
Dungeon (12/15)            Temple (1/1) D:4            Lair (6/6) D:11
 Shoals (0/4) Lair:4       Spider (0/4) Lair:3        Slime (0/5) Lair:5
    Orc (1/2) D:11

Altars:
Ashenzari
Cheibriados
Dithmenos
Elyvilon
Fedhas
Gozag
Hepliaklqana
Kikubaaqudgha
Makhleb
Nemelex Xobeh
Okawaru
Qazlal
Ru
Sif Muna
Trog
Uskayaw
Vehumet
Wu Jian
Xom
Yredelemnul
Zin
The Shining One
Jiyva

Shops:
D:10 [

Annotations:
D:12 Nessos


Innate Abilities, Weirdness & Mutations

You have claws for feet.
You may emit foul miasma when damaged in melee.
You sometimes gain a little power by taking damage.
You are immune to rotting.
When seriously injured, your bleeding wounds create armour. (AC +6)


Message History

Your orange demon hits the orc knight but does no damage.
Unknown command.
You hit the orc knight. You burn the orc knight.
The orc knight is almost dead.
You slash the centaur warrior zombie! You burn the centaur warrior zombie.
The orc knight hits you from afar with a +0 glaive!!
* * * LOW HITPOINT WARNING * * *
The orc knight hits you but does no damage.
The orc knight barely misses your orange demon.
The centaur warrior zombie hits you but does no damage.
The orc priest invokes the aid of Beogh against you.
Beogh smites you!
* * * LOW HITPOINT WARNING * * *
Your orange demon stings the orc knight.
The orc knight dies!
Makhleb accepts your kill.
Unknown command.
The centaur warrior zombie hits you but does no damage.
The orc knight hits you from afar with a +0 glaive!
You die...

############.....# #####
#..........#...######## ##...##
#..........#..........# ##.....##
#..........#..........# #.......#
#.....................# #.......#
#......################
........###......# ##...
##.....###.......##8..8.
#.......##......@#ooo...
........##.....).Zooo...
........##...<.4)#ooo...
(#...............##8o.8.
......####.......# ##... ..#####
#.......################ (.#
####.##................. ..#####
#.##.........>..###..
......#######.##.................


You could see an orc knight, an orc warrior, an orc wizard, 4 orcs, a centaur
warrior zombie and a friendly orange demon.

Vanquished Creatures
  2 fire dragons
  5 hydras
  A catoblepas (Lair:6)
  2 two-headed ogres
  2 death yaks (Lair:6)
  Nergalle (Lair:1)
  A swamp dragon (Lair:6)
  2 lindwurms (Lair:6)
  An oklob plant (Lair:3)
  5 ugly things
  3 elephants (Lair:4)
  2 manticores (Lair:6)
  2 torpor snails
  10 black mambas
  A gargoyle (D:10)
  A centaur skeleton (D:10)
  9 spiny frogs
  4 rime drakes
  3 komodo dragons
  A troll (D:11)
  A jumping spider (Lair:3)
  A polar bear (Lair:3)
  8 hippogriffs
  A blink frog (Lair:6)
  Grinder (D:3)
  7 dream sheep (Lair:6)
  A snapping turtle (Lair:4)
  2 wyverns
  A water elemental (D:11)
  2 vampires
  A basilisk (Lair:6)
  23 yaks
  Eustachio (D:5)
  A steam dragon (Lair:6)
  A hungry ghost (D:11)
  A warg (D:11)
  10 water moccasins
  7 porcupines
  3 swamp drakes (Lair:6)
  7 orc warriors
  3 ice beasts
  2 sky beasts
  A black bear (D:12)
  2 necrophages
  4 phantoms
  An eye of draining (D:9)
  4 ogres
  A centaur (D:8)
  12 wolves
  14 crocodiles
  3 big kobolds
  12 bullfrogs
  A water moccasin zombie (D:11)
  3 scorpions
  5 wights (D:6)
  6 killer bees (D:12)
  6 howler monkeys
  4 electric eels (D:11)
  2 centaur zombies
  5 crimson imps
  13 hounds
  2 quasits
  3 jellies
  6 orc priests
  A bullfrog skeleton (D:11)
  2 bullfrog zombies
  7 iguanas
  14 worker ants
  15 orc wizards
  A killer bee zombie (D:6)
  A hound zombie (D:7)
  A hound skeleton (D:9)
  A howler monkey zombie (D:5)
  A worker ant zombie (D:8)
  3 gnolls (D:7)
  11 adders
  4 shadow imps
  An ooze (D:1)
  2 adder skeletons
  An adder zombie (D:6)
  3 worms
  3 dart slugs
  4 leopard geckos
  27 orcs
  A ball python (D:1)
  5 bats
  A giant cockroach (D:3)
  3 goblins
  7 hobgoblins
  11 jackals
  3 quokkas
  A ball python skeleton (D:6)
  4 frilled lizards
  13 kobolds
  A leopard gecko skeleton (D:5)
  3 rats
  5 fungi
  6 plants
420 creatures vanquished.

Vanquished Creatures (collateral kills)
  Snorg (Lair:6)
  2 hydras
  2 death yaks (Lair:6)
  An orc knight (D:10)
  2 oklob plants (Lair:3)
  A black mamba (Lair:6)
  2 yaks (Lair:6)
  A basilisk (Lair:6)
  A steam dragon (Lair:6)
  A swamp drake (Lair:6)
14 creatures vanquished.

Vanquished Creatures (others)
  13 fungi
  8 plants
21 creatures vanquished.

Grand Total: 455 creatures vanquished

Notes
Turn   | Place    | Note
-------+----------+-------------------------------------------
     0 | D:1      | McKennaii the Demonspawn Fighter began the quest for the
                  | Orb.
     0 | D:1      | Reached XP level 1. HP: 18/18 MP: 1/1
   211 | D:1      | Gained mutation: You are immune to rotting. [demonic
                  | ancestry]
   211 | D:1      | Reached XP level 2. HP: 24/24 MP: 2/2
   409 | D:1      | Reached skill level 2 in Axes
   704 | D:2      | Gained mutation: You may emit foul miasma when damaged in
                  | melee. [demonic ancestry]
   704 | D:2      | Reached XP level 3. HP: 29/29 MP: 3/3
  1186 | D:3      | Reached XP level 4. HP: 25/35 MP: 4/4
  1659 | D:3      | Reached skill level 3 in Axes
  1659 | D:3      | Gained mutation: You have sharp toenails. [demonic
                  | ancestry]
  1659 | D:3      | Reached XP level 5. HP: 41/41 MP: 5/5
  1864 | D:3      | Noticed Grinder
  1864 | D:3      | Paralysed by Grinder for 5 turns
  1874 | D:3      | Paralysed by Grinder for 6 turns
  1882 | D:3      | Killed Grinder
  1882 | D:3      | Reached skill level 4 in Axes
  1882 | D:3      | Gained mutation: When seriously injured, your bleeding
                  | wounds create armour. (AC +6) [demonic ancestry]
  1882 | D:3      | Reached XP level 6. HP: 40/48 MP: 6/6
  2355 | D:4      | Reached skill level 1 in Dodging
  2452 | D:4      | Found a staircase to the Ecumenical Temple.
  2531 | D:4      | Reached XP level 7. HP: 52/54 MP: 7/7
  2536 | D:4      | Found a hazy altar of Hepliaklqana.
  3299 | D:4      | Found a snail-covered altar of Cheibriados.
  3555 | D:5      | Entered Level 5 of the Dungeon
  3558 | D:5      | Reached skill level 5 in Axes
  4326 | D:5      | Noticed Eustachio
  4359 | D:5      | Killed Eustachio
  4359 | D:5      | Reached skill level 5 in Armour
  4674 | D:6      | Reached XP level 8. HP: 27/61 MP: 8/8
  4858 | D:6      | Reached skill level 6 in Axes
  5244 | D:6      | Reached skill level 5 in Fighting
  5594 | D:6      | Found an opulent altar of Gozag.
  5614 | D:6      | Found a blossoming altar of Fedhas.
  5616 | D:6      | Found an ornate altar of the Wu Jian Council.
  5616 | D:6      | Found an iron altar of Okawaru.
  5617 | D:6      | Found a glowing golden altar of the Shining One.
  5620 | D:6      | Found a basalt altar of Yredelemnul.
  5716 | D:7      | Reached skill level 7 in Axes
  5826 | D:7      | Reached XP level 9. HP: 43/68 MP: 9/9
  6071 | D:7      | Reached skill level 5 in Shields
  6487 | D:8      | Reached skill level 8 in Axes
  6497 | D:8      | Found a sparkling altar of Nemelex Xobeh.
  6819 | D:8      | Reached skill level 9 in Axes
  6885 | D:8      | Reached XP level 10. HP: 62/76 MP: 10/10
  7364 | Temple   | Entered the Ecumenical Temple
  7453 | Temple   | Became a worshipper of Makhleb the Destroyer
  8611 | D:10     | Entered Level 10 of the Dungeon
  8611 | D:10     | Found a runed translucent door.
  8658 | D:10     | Found Dahig's Armour Shoppe.
  8750 | D:10     | Reached skill level 10 in Axes
  8935 | D:10     | Noticed a cyan ugly thing
  8945 | D:10     | Killed a cyan ugly thing
  8998 | D:10     | Noticed a gargoyle
  9192 | D:10     | Killed a gargoyle
  9332 | D:10     | Noticed an orc knight
  9413 | D:11     | Noticed a red ugly thing
  9427 | D:11     | Killed a red ugly thing
  9427 | D:11     | Reached * piety under Makhleb
  9708 | D:11     | Reached skill level 11 in Axes
  9743 | D:11     | Gained mutation: You sometimes gain a little power by
                  | taking damage. [demonic ancestry]
  9743 | D:11     | Reached XP level 11. HP: 11/83 MP: 11/11
  9906 | D:11     | Noticed a cyan ugly thing
  9917 | D:11     | Killed a cyan ugly thing
  9949 | D:11     | Found a staircase to the Orcish Mines.
  9995 | D:11     | Noticed a brown ugly thing
 10000 | D:11     | Noticed a two-headed ogre
 10013 | D:11     | Killed a brown ugly thing
 10017 | D:11     | Killed a two-headed ogre
 10084 | D:11     | Found a sparkling altar of Nemelex Xobeh.
 10146 | D:11     | Found a staircase to the Lair.
 10295 | D:12     | Reached ** piety under Makhleb
 10330 | D:12     | Noticed a red ugly thing
 10350 | D:12     | Killed a red ugly thing
 10627 | D:12     | Noticed a two-headed ogre
 10634 | D:12     | Killed a two-headed ogre
 10634 | D:12     | Reached skill level 12 in Axes
 10918 | D:12     | Noticed Nessos
 10977 | Orc:1    | Entered Level 1 of the Orcish Mines
 10985 | Orc:1    | Noticed an orc knight
 11060 | Lair:1   | Entered Level 1 of the Lair of Beasts
 11200 | Lair:1   | Noticed Nergalle
 11220 | Lair:1   | Killed Nergalle
 11302 | Lair:1   | Reached *** piety under Makhleb
 11376 | Lair:1   | Reached skill level 13 in Axes
 11379 | Lair:1   | Gained mutation: You have razor-sharp toenails. [demonic
                  | ancestry]
 11379 | Lair:1   | Reached XP level 12. HP: 91/91 MP: 12/12
 12394 | Lair:3   | You fall into a shaft and drop 3 floors!
 12394 | Lair:6   | Entered Level 6 of the Lair of Beasts
 12541 | Lair:5   | Found a radiant altar of Vehumet.
 12739 | Lair:3   | Found a hole to the Spider Nest.
 12746 | Lair:3   | Noticed a six-headed hydra
 12762 | Lair:3   | Killed a six-headed hydra
 12762 | Lair:3   | Reached skill level 1 in Evocations
 12768 | Lair:3   | Noticed a four-headed hydra
 12773 | Lair:3   | Reached **** piety under Makhleb
 12780 | Lair:3   | Killed a four-headed hydra
 12853 | Lair:3   | Reached skill level 14 in Axes
 13585 | Lair:4   | Found a staircase to the Shoals.
 13970 | Lair:4   | Noticed a fire dragon
 13986 | Lair:4   | Killed a fire dragon
 14212 | Lair:5   | Reached skill level 1 in Invocations
 14224 | Lair:5   | Gained mutation: You have claws for feet. [demonic
                  | ancestry]
 14224 | Lair:5   | Reached XP level 13. HP: 82/100 MP: 14/14
 14281 | Lair:5   | Found a runed translucent door.
 14631 | Lair:5   | Found a viscous altar of Jiyva.
 14631 | Lair:5   | Found a staircase to the Slime Pits.
 14657 | Lair:5   | Got a pair of pitted gloves
 14663 | Lair:5   | Identified the cursed +0 pair of gloves of Vehumet's
                  | Reproof {MR++} (You found it on level 5 of the Lair of
                  | Beasts)
 15166 | Lair:6   | Identified a scroll of acquirement
 15500 | Lair:6   | Reached skill level 1 in Stealth
 15644 | Lair:6   | Reached skill level 15 in Axes
 15726 | Lair:6   | Noticed Snorg
 15735 | Lair:6   | HP: 4/101 [seven-headed hydra (10)]
 15735 | Lair:6   | Reached skill level 5 in Invocations
 15948 | Lair:6   | Killed Snorg
 16267 | Lair:6   | Noticed a fire dragon
 16279 | Lair:6   | Killed a fire dragon
 16746 | Lair:3   | Reached XP level 14. HP: 69/108 MP: 18/18
 16916 | D:10     | Slain by an orc knight

Levels and vault maps discovered:
D:1:      lemuel_arrival_broad_hall, layout_rooms
D:2:      layout_basic
D:3:      layout_basic, uniq_grinder
D:4:      layout_loops_cross, kennysheep_mini, lemuel_doored_altar,
          minmay_temple_entry_statues_pillars, first_ration,
          serial_co_window_serial, co_window_paths_a,
          co_window_of_opportunity_a, co_window_paths_a,
          co_window_of_opportunity_a, co_window_paths_a, co_window_2corner,
          co_window_unsneaky_path_d, co_window_cross_3, co_window_sun,
          co_window_4corner_a, glass_columns_a, glass_columns_a
D:5:      layout_basic, minivault_11, nicolae_underground_beach, uniq_eustachio
D:6:      layout_rooms, minitemple
D:7:      layout_gridville
D:8:      layout_rooms, nemelex_xobeh_ov_fountains_minmay, blue_anna_alchemist
          [blue_anna_fruit_fields, blue_anna_fruit_fields]
D:9:      layout_long_grid, st_stairs_13, dk_noncrumbling_4
D:10:     layout_rooms, serial_shops, nicolae_shop_crystal,
          lightli_church_of_beogh
D:11:     layout_rooms, erik_lair_island, nemelex_diamond_rough_becter
D:12:     layout_loops_cross, uniq_josephine, uniq_nessos
Temple:   oiseaux_autumnal_temple
Lair:1:   layout_cave_shapes, uniq_nergalle
Lair:2:   layout_loops_ring, serial_bayou_pond_d,
          chequers_serial_rivers_micro_e, lemuel_fruit_fields
Lair:3:   layout_chaotic_city, spider_nest_entry_rubble,
          minmay_lair_oklob_chamber, serial_bayou_shore_b, lemuel_fruit_tree,
          grunt_megastairs_5
Lair:4:   dragon1_lemuel, layout_concentric_octagons, minmay_shoals_entry_hut,
          hibernation_bobbens
Lair:5:   layout_hall_layers, dpeg_slime_entry_enclosed_altar, basic_altar,
          pf_torpor_hydra, infiniplex_staircase_pool_2
Lair:6:   guppyfry_lair_end_dragon, layout_loops_ring, hangedman_lair_in_review,
          serial_bayou_pond_d, infiniplex_staircase_pool, uniq_snorg
Orc:1:    layout_caves

Skill      XL: |  1  2  3  4  5  6  7  8  9 10 11 12 13 |
---------------+----------------------------------------+-----
Armour         | 3 4 5 6 7 8 9 |  9.8
Axes           | 2 3 4 5 7 9 11 13 14 15 | 15.3
Shields        | 3 4 5 6 7 8 |  8.2
Dodging        | 1 2 3 |  3.3
Fighting       | 4 5 6 7 8 9 |  9.6
Evocations     | 2 3 |  3.6
Invocations    | 1 6 |  6.0
Stealth        | 1 |  1.5

Action                   |  1- 3 |  4- 6 |  7- 9 | 10-12 | 13-15 || total
-------------------------+-------+-------+-------+-------+-------++-------
Melee: War axe           |    85 |   104 |   428 |   876 |   253 ||  1746
       Kick              |       |    18 |   126 |    94 |    86 ||   324
Invok: Lesser Servant of |       |       |       |       |    12 ||    12
       Minor Destruction |       |       |       |       |     2 ||     2
Evoke: Wand              |       |       |       |    43 |    41 ||    84
  Use: Potion            |       |     1 |       |     6 |     1 ||     8
       Scroll            |       |       |     6 |    10 |    15 ||    31
 Stab: Petrified         |       |       |       |       |     2 ||     2
       Distracted        |       |       |       |       |     1 ||     1
  Eat: Chunk             |       |     4 |    13 |    16 |     8 ||    41
       Ration            |       |       |     1 |     3 |       ||     4
Armor: Scale mail        |    45 |    35 |   121 |       |       ||   201
       Plate armour      |       |       |   141 |   528 |   195 ||   864
Dodge: Dodged            |    23 |    30 |   126 |   185 |    92 ||   456
Block: Shield            |    44 |    38 |   262 |   459 |   140 ||   943
